 Dungeon Crawl Stone Soup version 0.27.1-1-g398f81649c (webtiles) character file.

Game seed: 5738610306617104010

188 zdrol the Shield-Bearer (level 5, -2/47 HPs)
             Began as a Minotaur Fighter on Sept 8, 2021.
             Slain by an orc warrior (8 damage)
             ... on level 3 of the Dungeon.
             The game lasted 00:06:39 (1827 turns).

zdrol the Shield-Bearer (Minotaur Fighter)          Turns: 1827, Time: 00:06:39

Health: -2/47      AC: 15    Str: 21    XL:     5   Next: 39%
Magic:  4/4        EV:  6    Int:  5    God:
Gold:   132        SH:  9    Dex: 10    Spells: 4/4 levels left

rFire    . . .     SeeInvis .   a - +0 long sword
rCold    . . .     Faith    .   c - +0 kite shield
rNeg     . . .     Spirit   .   n - +0 chain mail
rPois    .         Reflect  .   (helmet restricted)
rElec    .         Harm     .   (no cloak)
rCorr    .         Rampage  .   g - +2 pair of gloves
Will     .....                  k - +1 pair of boots
Stlth    ..........             (no amulet)
HPRegen  0.15/turn              (no ring)
MPRegen  0.09/turn              (no ring)

@: hasted, very quick
A: horns 2, retaliatory headbutt
a: no special abilities


You were on level 3 of the Dungeon.
You visited 1 branch of the dungeon, and saw 3 of its levels.

You collected 132 gold pieces.

Inventory:

Hand Weapons
 a - a +0 long sword (weapon)
Missiles
 e - 9 poisoned darts (quivered)
 l - 2 silver javelins
Armour
 c - a +0 kite shield (worn)
 g - a +2 pair of gloves (worn)
 k - a +1 pair of boots (worn)
 n - a +0 chain mail (worn)
Scrolls
 m - a scroll of teleportation {unknown}
Potions
 b - a potion of attraction {unknown}
 d - a potion of might
 h - a potion of curing {unknown}
 i - a potion of mutation {unknown}
 j - a potion of degeneration {unknown}
 o - a potion of flight {unknown}


   Skills:
 + Level 4.3 Fighting
 + Level 4.5 Long Blades
 + Level 4.6 Armour
 + Level 1.0 Dodging
 + Level 4.7 Shields


You had 4 spell levels left.
You didn't know any spells.
Your spell library contained the following spells:

 Spells                   Type           Power      Damage    Failure   Level
 Beastly Appendage        Tmut           0%         N/A       100%        1
 Wereblood                Tmut           0%         N/A       100%        2
 Spider Form              Tmut/Pois      0%         N/A       100%        3


Dungeon Overview and Level Annotations

Branches:
Dungeon (3/15)

Altars:


Innate Abilities, Weirdness & Mutations

You have a pair of horns on your head.
You reflexively headbutt those who attack you in melee.


Message History

You hit the orc warrior but do no damage.
You headbutt the orc warrior, but do no damage.
The orc warrior hits you with a +0 dire flail.
The orc priest casts a cantrip, but nothing happens.
You hit the orc warrior. You headbutt the orc warrior!
The orc warrior is moderately wounded.
You block the orc warrior's attack.
The orc priest hits you but does no damage.
The orc warrior hits you with a +0 dire flail!
You hit the orc warrior.
The orc warrior is moderately wounded.
The orc priest calls down the wrath of Beogh upon you.
Beogh smites you!
The orc priest invokes the aid of Beogh against you.
Pain shoots through your body!
* * * LOW HITPOINT WARNING * * *
You block the orc warrior's attack.
The orc priest calls upon Beogh to heal the orc warrior.
The orc warrior is healed somewhat.
You feel yourself speed up. You block the orc warrior's attack.
The orc priest hits you but does no damage.
You barely miss the orc warrior. Your headbutt misses the orc warrior.
The orc warrior is lightly wounded.
The orc warrior hits you with a +0 dire flail.
* * * LOW HITPOINT WARNING * * *
The orc priest barely misses you. You furiously retaliate!
You headbutt the orc priest. You closely miss the orc warrior.
The orc warrior is lightly wounded.
The orc warrior barely misses you. You furiously retaliate!
You headbutt the orc warrior, but do no damage.
You block the orc priest's attack.
You hit the orc warrior. Your headbutt misses the orc warrior.
The orc warrior is moderately wounded.
You block the orc warrior's attack.
You hit the orc warrior.
The orc warrior is heavily wounded.
The orc priest hits you but does no damage.
The orc warrior hits you with a +0 dire flail!
You die...

#<.............. .
..######.####.###.
..######.# #..
.........# #.# #
....###### # #.#.###..
###.##### #.##.#..(|.. #
#..)>.# #..oo.......
###.###.########o#......
....# #.##.....o@# .####
..#####.##.####### #
...........#
#.#####.#### ..# #.# ..#
#.# ### #.. # ### #


You could see an orc warrior, 2 orc priests and an orc.

Vanquished Creatures
  A phantom (D:3)
  3 gnolls (D:2)
  2 adders
  A worm (D:3)
  6 endoplasms
  A giant cockroach (D:2)
  8 goblins
  5 hobgoblins
  8 jackals
  A quokka (D:3)
  6 ball pythons
  5 bats
  5 frilled lizards
  6 kobolds
  5 rats
63 creatures vanquished.

Notes
Turn   | Place    | Note
-------+----------+-------------------------------------------
     0 | D:1      | zdrol the Minotaur Fighter began the quest for the Orb.
     0 | D:1      | Reached XP level 1. HP: 19/19 MP: 0/0
    96 | D:2      | Reached XP level 2. HP: 20/27 MP: 1/1
   628 | D:1      | Reached XP level 3. HP: 29/33 MP: 2/2
   688 | D:1      | Found a faded altar of an unknown god.
  1033 | D:2      | Reached XP level 4. HP: 30/40 MP: 3/3
  1600 | D:3      | Reached skill level 1 in Dodging
  1764 | D:3      | Noticed a phantom
  1775 | D:3      | Killed a phantom
  1776 | D:3      | Reached XP level 5. HP: 47/47 MP: 4/4
  1813 | D:3      | Noticed an orc warrior
  1827 | D:3      | Slain by an orc warrior

Illustrated notes

Levels and vault maps discovered:
D:1:      zelgadis_glass_arrival_small, layout_basic,
          chequers_ecumenical_altar_grove, minmay_misc_feat_encased,
          minivault_26
D:2:      layout_rooms, kennysheep_another_room
D:3:      layout_loops_ring

Skill      XL: |  1  2  3  4 |
---------------+-------------+-----
Armour         | 4 |  4.6
Shields        | 4 |  4.7
Fighting       | 4 |  4.3
Long Blades    | 3 4 |  4.5
Dodging        | 1 |  1.0

Action                   |  1- 3 |  4- 6 || total
-------------------------+-------+-------++-------
Melee: Long sword        |    84 |    46 ||   130
       Headbutt          |    14 |     8 ||    22
Throw: Dart              |       |     2 ||     2
  Use: Scroll            |     2 |     1 ||     3
       Potion            |       |     1 ||     1
Armor: Scale mail        |    47 |     1 ||    48
       Chain mail        |       |    21 ||    21
Dodge: Dodged            |    28 |    16 ||    44
Block: Kite shield       |    52 |    26 ||    78
       Rpst.: Long sword |     9 |     4 ||    13
